 Dungeon Crawl Stone Soup version 0.26-a0-712-ga5a9c9c9d0 (webtiles) character file.

Game seed: 13255573748188927705

58 ANON1729 the Insei (level 3, -2/31 HPs)
             Began as a Deep Dwarf Transmuter on Nov 1, 2020.
             Slain by a centaur (7 damage)
             ... on level 2 of the Dungeon.
             The game lasted 00:03:13 (844 turns).

ANON1729 the Insei (Deep Dwarf Transmuter)           Turns: 844, Time: 00:03:14

Health: -2/31      AC:  2    Str: 13    XL:     3   Next: 75%
Magic:  3/4        EV: 13    Int: 14    God:
Gold:   15         SH:  0    Dex: 13    Spells: 5/6 levels left

rFire    . . .     SeeInvis .   b - +0 hunting sling
rCold    . . .     Faith    .   (no shield)
rNeg     . . .     Spirit   .   a - +0 robe
rPois    .         Reflect  .   (helmet currently unavailable)
rElec    .         Harm     .   (no cloak)
rCorr    .         Rampage  .   (no gloves)
MR       +....     Rnd*Tele +   (boots currently unavailable)
Stlth    +.........             (no amulet)
HPRegen  0.00/turn              f - ring of protection from magic
MPRegen  0.09/turn              g - ring of teleportation (curse)

@: appendages, non-regenerating
A: damage resistance, heal wounds, horns 2, talons 2, sense surroundings 1, no
regeneration
a: Heal Wounds, End Transformation


You were on level 2 of the Dungeon.
You had grown temporary horns.
You had grown temporary talons.
You visited 1 branch of the dungeon, and saw 2 of its levels.

You collected 15 gold pieces.

Inventory:

Hand Weapons
 b - a +0 hunting sling (weapon)
Missiles
 j - 79 stones (quivered)
Armour
 a - a +0 robe (worn)
Jewellery
 f - a ring of protection from magic (left hand)
 g - a cursed ring of teleportation (right hand)
Scrolls
 c - 2 scrolls of identify {unknown}
 d - a scroll of remove curse {unknown}
 h - a scroll of enchant armour {unknown}
 k - a scroll of teleportation {unknown}
 l - a scroll of blinking {unknown}
Potions
 e - a potion of invisibility {unknown}
 i - 2 potions of curing {unknown}


   Skills:
 + Level 1.5 Fighting
 + Level 2.7 Dodging
 + Level 3.0 Unarmed Combat
 + Level 2.1 Spellcasting
 * Level 2.5 Transmutations


You had 5 spell levels left.
You knew the following spells:

 Your Spells              Type           Power        Failure   Level
a - Beastly Appendage     Tmut           #.....       9%          1

Your spell library contained the following spells:

 Spells                   Type           Power        Failure   Level
 Wereblood                Tmut           #.......     13%         2
 Spider Form              Tmut/Pois      #.........   38%         3
 Ice Form                 Ice/Tmut       #.......     80%         4
 Blade Hands              Tmut           #.........   93%         5


Dungeon Overview and Level Annotations

Branches:
Dungeon (2/15)

Altars:
Fedhas


Innate Abilities, Weirdness & Mutations

You are resistant to damage.
You can heal yourself by infusing magical energy.
You passively map a small area around you.
You do not regenerate.
You have a pair of horns on your head.
You have razor-sharp toenails.


Message History

The centaur hits you. The centaur misses you.
You are too injured to fight recklessly!
You are too injured to fight recklessly!
You are too injured to fight recklessly!
You barely miss the centaur.
The centaur is severely wounded.
The centaur hits you!
* * * LOW HITPOINT WARNING * * *
The centaur misses you.
You clumsily bash the centaur but do no damage.
The centaur is severely wounded.
The centaur hits you.
* * * LOW HITPOINT WARNING * * *
The centaur hits you.
* * * LOW HITPOINT WARNING * * *
Casting: Beastly Appendage (safe; 9% risk of failure)
Confirm with . or Enter, or press ? or * to list all spells.
You grow a pair of large bovine horns.
Your feet morph into talons.
The centaur hits you!
You die...

, ** , , ,## ,* * , # ..
* * #. #. ## # ,
###.##.,.# .# * *### ,
.......#.##..# ......#
............(. ... #.#
.........# ...###.# #.#
, .......@.#,
....#.###.##
......c....#*#....#.....
..^.....#.## #....#.....
...#...#.<# #..........
##..(.. .*# #.<........
#..... ## #.)..#.....
#..... #....#)....
###### #....#.....
######...(.


You could see a centaur.

Vanquished Creatures
  2 adders (D:2)
  A dart slug (D:1)
  2 leopard geckos (D:1)
  A ball python (D:1)
  3 giant cockroaches
  8 goblins (D:1)
  4 hobgoblins (D:1)
  3 bats (D:1)
  5 kobolds
  4 rats
33 creatures vanquished.

Notes
Turn   | Place    | Note
-------+----------+-------------------------------------------
     0 | D:1      | ANON1729 the Deep Dwarf Transmuter began the quest for the
                  | Orb.
     0 | D:1      | Reached XP level 1. HP: 16/16 MP: 3/3
    17 | D:1      | Reached skill level 1 in Fighting
    81 | D:1      | Reached XP level 2. HP: 20/25 MP: 2/4
   247 | D:1      | HP: 1/25 [kobold/+0 short sword (5)]
   665 | D:1      | Reached XP level 3. HP: 28/31 MP: 5/5
   752 | D:2      | Reached skill level 3 in Unarmed Combat
   826 | D:2      | Found a blossoming altar of Fedhas.
   835 | D:2      | Noticed a centaur
   844 | D:2      | Slain by a centaur

Illustrated notes

Levels and vault maps discovered:
D:1:      wander_arrival_fairy_ring, layout_rooms
D:2:      layout_rooms, fedhas_altar_2

Skill      XL: |  1  2  3 |
---------------+----------+-----
Fighting       | 1 |  1.5
Transmutations | 2 |  2.5
Spellcasting   | 2 |  2.1
Unarmed Combat | 3 |  3.0
Dodging        | |  2.7

Action                   || total
-------------------------++-------
Melee: Unarmed           ||    39
       Kick              ||     5
       Headbutt          ||     3
       Hunting sling     ||     3
 Fire: Hunting sling     ||    84
 Cast: Beastly Appendage ||     9
 Abil: Heal Wounds       ||     2
Armor: Robe              ||    19
Dodge: Dodged            ||    72

Table legend: (Time is in decaauts)
 A = Elapsed time spent in this place.
 B = Non-inter-level travel time spent in this place.
 C = Inter-level travel time spent in this place.
 D = Time resting spent in this place.
 E = Time spent auto-exploring this place.
 F = Levels seen in this place.
 G = Mean time per level.
                   A        B        C        D        E       F      G
               +--------+--------+--------+--------+--------+-----+--------+
         Total |    858 |    828 |     30 |      2 |    534 |   2 |  429.0 |
       Dungeon |    858 |    828 |     30 |      2 |    534 |   2 |  429.0 |
               +--------+--------+--------+--------+--------+-----+--------+

Top non-repeatable levels by time:
     D:1: 741 daAuts
     D:2: 116 daAuts
